 Dungeon Crawl Stone Soup version 0.31-a0-981-geadf994542 (webtiles) character file.

Game seed: 1577344643042534289

326 IdlyInterested the Trooper (level 6, -3/52 HPs)
             Began as a Demonspawn Fighter on Oct 31, 2023.
             Slain by an ogre
             ... wielding a +0 giant club
              (20 damage)
             ... on level 5 of the Dungeon.
             The game lasted 00:11:31 (3827 turns).

IdlyInterested the Trooper (Demonspawn Fighter)     Turns: 3827, Time: 00:11:32

Health: -3/52      AC:  3    Str: 27    XL:     6   Next: 24%
Magic:  6/6        EV: 11    Int:  7    God:
Gold:   172        SH:  0    Dex: 12    Spells: 5/5 levels left

rFire   . .          .
                       - Unarmed
rCold   + . .        (no shield)
rNeg    . . .        t - +0 leather armour "Erruffoos" {Rampage rC+}
rPois   .            (helmet restricted)
rElec   .            (no cloak)
rCorr   .            (no gloves)
SInv    +            (no boots)
Will    .....        (no amulet)
Stlth   ++           (no ring)
HPRegen 0.28/turn    (no ring)
MPRegen 0.20/turn

%: rampage
@: mighty, hasted, very quick
A: claws 1, thin skeletal structure 1, powered by pain 1, magic regeneration,
horns 1, see invisible, strong 2
a: no special abilities


You were on level 5 of the Dungeon.
You visited 1 branch of the dungeon, and saw 5 of its levels.

You collected 172 gold pieces.

Inventory:

Hand Weapons
 c - a +0 flail
 q - a +0 rapier
 v - a +0 spear
 w - a +1 vampiric hand axe
 x - a +0 war axe
 z - a +1 dagger of venom
Missiles
 d - 5 poisoned darts
 n - 24 stones (quivered)
Armour
 b - a +0 buckler
 g - a +0 chain mail
 t - the +0 leather armour "Erruffoos" (worn) {Rampage rC+}
   (You found it on level 4 of the Dungeon)

   rC+:       It protects you from cold.
   Rampage:   It bestows one free step when moving towards enemies.
 y - a +0 helmet
 A - a +1 ring mail of fire resistance
 B - the +0 robe of Nerghopp {rCorr}
   (You found it on level 3 of the Dungeon)

   rCorr:     It protects you from acid and corrosion.
Wands
 s - a wand of flame (15)
Scrolls
 e - a scroll of immolation
 i - a scroll of blinking
 l - a scroll of enchant weapon
 m - a scroll of enchant armour
 p - a scroll of vulnerability
 r - a scroll of teleportation
Potions
 f - a potion of attraction {unknown}
 h - a potion of curing
 j - a potion of lignification {unknown}
 k - a potion of degeneration {unknown}
 o - a potion of mutation
 u - a potion of heal wounds {unknown}


   Skills:
 * Level 6.2 Fighting
 - Level 1.0 Throwing
 - Level 2.6 Armour
 - Level 1.0 Dodging
 - Level 1.0 Stealth
 - Level 2.6 Shields
 + Level 1.9 Unarmed Combat
 - Level 1.0 Evocations
 - Level 1.0 Shapeshifting


You had 5 spell levels left.
You didn't know any spells.
Your spell library contained the following spells:

 Spells                   Type           Power      Damage    Failure   Level
 Kiss of Death            Conj/Necr      0%         2d5       45%         1
 Confusing Touch          Hex            0%         N/A       83%         3
 Dispel Undead            Necr           0%         3d6       99%         4


Dungeon Overview and Level Annotations

Branches:
Dungeon (5/15)
 Temple: D:4-7

Altars:
Gozag
Ru
Trog


Innate Abilities, Weirdness & Mutations

You have sharp fingernails.
You have a somewhat thin skeletal structure. (Dex +2, Stealth+)
You sometimes gain a little power by taking damage.
You regenerate magic rapidly.
You have a pair of small horns on your head.
You have supernaturally acute eyesight. (SInv)
Your muscles are very strong. (Str +8, Int/Dex -2)


Message History

Your base attributes are Str 19, Int 9, Dex 14.
Okay, then.
Your +1 dagger of venom stops dripping with poison.
You are now empty-clawed.
Your movement speed is average.
Your attack delay is about 0.9.
Your damage rating with unarmed combat is about 9 (Base [5 + 1 (UC)] x 142% (Str) x 110% (Fight)).
Your base attributes are Str 19, Int 9, Dex 14.
Unknown command.
You climb downwards.
Found 6 stones.
Found a stone staircase leading up.
There is a stone staircase leading up here.
The helpless ogre fails to defend itself.
You scratch the ogre. You headbutt the ogre.
The ogre is lightly wounded.
The ufetubus hits you. The ufetubus barely misses you.
The ogre hits you with a +0 giant club!!
You focus on the pain.
You feel very mighty all of a sudden.
The gnoll shouts!
You hear a shout! x2
The ufetubus completely misses you. The ufetubus barely misses you.
The ufetubus slips past you! The ufetubus closely misses you.
The ufetubus misses you.
You miss the ufetubus. Your headbutt misses the ufetubus.
The ufetubus closely misses you. The ufetubus hits you. x2
The ufetubus hits you but does no damage.
You claw the ufetubus!
You kill the ufetubus!
The ufetubus barely misses you. The ufetubus hits you.
The ogre hits you with a +0 giant club!
* * * LOW HITPOINT WARNING * * *
The ufetubus attacks as it pursues you! The ufetubus hits you.
* * * LOW HITPOINT WARNING * * *
The ufetubus barely misses you. x2; The ufetubus closely misses you.
You feel better.
You feel yourself speed up.
You claw the ogre!
The ogre is heavily wounded.
The ogre hits you with a +0 giant club!!
You die...

####
#####.<######
#..@O5.....(.
#.###g.#####
.........#
.....g###...
#.#..# #### .
..


You could see an ogre, a gnoll and an ufetubus.

Vanquished Creatures
  A black bear (D:4)
  A phantom (D:4)
  Robin (D:3)
  3 gnolls (D:2)
  5 adders
  An ufetubus (D:5)
  2 worms (D:4)
  9 orcs
  5 ball pythons
  3 endoplasms
  2 giant cockroaches
  11 goblins
  5 hobgoblins
  A quokka (D:3)
  5 bats
  3 frilled lizards
  7 rats
65 creatures vanquished.

Notes
Turn   | Place    | Note
-------+----------+-------------------------------------------
     0 | D:1      | IdlyInterested the Demonspawn Fighter began the quest for
                  | the Orb.
     0 | D:1      | Reached XP level 1. HP: 18/18 MP: 1/1
   818 | D:2      | Reached skill level 1 in Dodging
   818 | D:2      | Gained mutation: You sometimes gain a little power by
                  | taking damage. [demonic ancestry]
   818 | D:2      | Reached XP level 2. HP: 9/24 MP: 2/2
   823 | D:2      | Gained mutation: You have sharp fingernails. [demonic
                  | ancestry]
   823 | D:2      | Reached XP level 3. HP: 9/30 MP: 3/3
  1087 | D:2      | Gained mutation: Your muscles are strong. (Str +4, Int/Dex
                  | -1) [potion of mutation]
  1087 | D:2      | Gained mutation: Your muscles are very strong. (Str +8,
                  | Int/Dex -2) [potion of mutation]
  1087 | D:2      | Gained mutation: You have a pair of small horns on your
                  | head. [potion of mutation]
  1087 | D:2      | Gained mutation: You have supernaturally acute eyesight.
                  | (SInv) [potion of mutation]
  1166 | D:2      | Reached skill level 4 in Fighting
  1166 | D:2      | Reached skill level 1 in Stealth
  1167 | D:2      | Found a faded altar of an unknown god.
  1535 | D:3      | Found a bloodstained altar of Trog.
  1945 | D:3      | Reached XP level 4. HP: 29/38 MP: 4/4
  2043 | D:3      | Reached skill level 1 in Throwing
  2048 | D:3      | Noticed Robin
  2076 | D:3      | Killed Robin
  2398 | D:3      | Identified the +0 robe of Nerghopp {rCorr}
  2683 | D:4      | Reached skill level 1 in Evocations
  2700 | D:4      | Noticed a black bear
  2714 | D:4      | Killed a black bear
  2715 | D:4      | Reached skill level 5 in Fighting
  2715 | D:4      | Reached skill level 1 in Shapeshifting
  2715 | D:4      | Gained mutation: You have a somewhat thin skeletal
                  | structure. (Dex +2, Stealth+) [demonic ancestry]
  2715 | D:4      | Reached XP level 5. HP: 16/44 MP: 5/5
  2820 | D:4      | Identified the +0 leather armour "Erruffoos" {Rampage rC+}
  2957 | D:4      | Noticed a phantom
  2979 | D:4      | Killed a phantom
  2980 | D:4      | Reached skill level 6 in Fighting
  2980 | D:4      | Gained mutation: You regenerate magic rapidly. [demonic
                  | ancestry]
  2980 | D:4      | Reached XP level 6. HP: 39/52 MP: 6/6
  3067 | D:4      | Found a sacrificial altar of Ru.
  3281 | D:4      | Found an opulent altar of Gozag.
  3819 | D:5      | Entered Level 5 of the Dungeon
  3827 | D:5      | Slain by an ogre

Illustrated notes

Levels and vault maps discovered:
D:1:      onia_arrival_mini_maze, layout_basic
D:2:      layout_basic, nicolae_ecumenical_snake_handling
D:3:      minmay_recursive_quarters, layout_loops_cross,
          overflow_temple_1_default, serial_bayou_pond_a, uniq_robin
D:4:      layout_loops_corners, grunt_gozag_breadcrumbs,
          nicolae_overflow_hidden_temple, nicolae_ru_sacrificial_ziggurat
D:5:      layout_loops_ring

Skill      XL: |  1  2  3  4  5 |
---------------+----------------+-----
Dodging        | 1 |  1.0
Fighting       | 4 5 6 |  6.2
Stealth        | 1 |  1.0
Throwing       | 1 |  1.0
Evocations     | 1 |  1.0
Shapeshifting  | 1 |  1.0
Armour         | |  2.6
Shields        | |  2.6
Unarmed Combat | |  1.9

Action                     |  1- 3 |  4- 6 || total
---------------------------+-------+-------++-------
  Melee: Unarmed           |    71 |    38 ||   109
         Headbutt          |     2 |    18 ||    20
         Dagger            |       |    86 ||    86
  Throw: Dart              |     1 |     4 ||     5
         Stone             |       |     3 ||     3
    Use: Potion            |     4 |     2 ||     6
         Scroll            |     2 |     4 ||     6
   Stab: Sleeping          |       |     6 ||     6
 Armour: Chain mail        |    47 |    40 ||    87
         Scale mail        |     3 |       ||     3
         Ring mail         |       |    20 ||    20
         Leather armour    |       |    30 ||    30
  Dodge: Dodged            |    20 |    64 ||    84
  Block: Buckler           |    12 |     5 ||    17

Table legend: (Time is in decaauts)
 A = Elapsed time spent in this place.
 B = Non-inter-level travel time spent in this place.
 C = Inter-level travel time spent in this place.
 D = Time resting spent in this place.
 E = Time spent auto-exploring this place.
 F = Levels seen in this place.
 G = Mean time per level.
                   A        B        C        D        E       F      G
               +--------+--------+--------+--------+--------+-----+--------+
         Total |   3816 |   3361 |    455 |    340 |   2260 |   5 |  763.2 |
       Dungeon |   3816 |   3361 |    455 |    340 |   2260 |   5 |  763.2 |
               +--------+--------+--------+--------+--------+-----+--------+

Top non-repeatable levels by time:
     D:4: 1258 daAuts
     D:3: 894 daAuts
     D:2: 868 daAuts
     D:1: 786 daAuts
     D:5: 7 daAuts
